 Dungeon Crawl Stone Soup version 0.28.0 (console) character file.

Game seed: 2111659460052677626

22852 ryathie the Thaumaturge (level 12, -1/72 HPs)
             Began as a Deep Elf Hedge Wizard on Feb 15, 2022.
             Was a High Priest of Vehumet.
             Hit by a large rock thrown by a stone giant (45 damage)
             ... in a volcano.
             The game lasted 00:51:49 (16965 turns).

ryathie the Thaumaturge (Deep Elf Hedge Wizard)    Turns: 16965, Time: 00:51:49

Health: -1/72      AC: 10    Str:  7    XL:     12   Next: 66%
Magic:  33/41      EV: 14    Int: 25    God:    Vehumet [*****.]
Gold:   784        SH:  0    Dex: 14    Spells: 13/39 levels left

rFire   . . .      SeeInvis .   l - +1 dagger (venom)
rCold   . . .      Faith    .   (no shield)
rNeg    . . .      Spirit   .   C - +0 acid dragon scales
rPois   .          Reflect  .   f - +0 helmet
rElec   .          Harm     .   (no cloak)
rCorr   +          Rampage  .   g - +1 pair of gloves
Will    +....                   (no boots)
Stlth   ++........              n - amulet of the acrobat
HPRegen 0.22/turn               o - +4 ring of slaying
MPRegen 0.27/turn               H - ring of magical power

@: no status effects
A: no striking features
a: Renounce Religion


You were in a volcano.
You worshipped Vehumet.
Vehumet was extremely pleased with you.
You visited 3 branches of the dungeon, and saw 14 of its levels.
You also visited: Sewer, Bailey and Volcano.

You collected 840 gold pieces.
You spent 56 gold pieces at shops.

Inventory:

Hand Weapons
 l - a +1 dagger of venom (weapon)
Missiles
 t - 39 poisoned darts
Armour
 f - a +0 helmet (worn)
 g - a +1 pair of gloves (worn)
 C - +0 acid dragon scales (worn)
Jewellery
 n - an amulet of the acrobat (around neck)
 o - a +4 ring of slaying (left hand)
 q - a ring of positive energy
 y - a ring of flight
 H - a ring of magical power (right hand)
Wands
 b - a wand of flame (1)
 i - a wand of mindburst (17)
 s - a wand of iceblast (9)
 z - a wand of polymorph (10)
 D - a wand of charming (10)
Scrolls
 a - a scroll of fog
 d - 3 scrolls of amnesia
 j - a scroll of blinking
 m - 5 scrolls of teleportation
 p - 2 scrolls of magic mapping {unknown}
 v - a scroll of silence
 A - 2 scrolls of fear
 B - 3 scrolls of identify
 E - 3 scrolls of holy word
 I - a scroll of enchant armour
Potions
 c - 4 potions of brilliance
 e - 2 potions of haste
 h - a potion of attraction
 k - a potion of berserk rage
 r - a potion of might
 u - a potion of ambrosia
 w - 2 potions of resistance
 x - 3 potions of curing
 F - a potion of flight
 G - a potion of heal wounds {unknown}


   Skills:
 - Level 7.0 Fighting
 - Level 5.0 Armour
 - Level 9.0 Dodging
 - Level 2.4 Stealth
 - Level 14.0 Spellcasting
 - Level 8.0 Conjurations
 - Level 2.0 Summonings
 - Level 1.1 Translocations
 * Level 12.3 Fire Magic
 - Level 2.0 Air Magic
 - Level 2.0 Poison Magic
 - Level 3.0 Evocations


You had 13 spell levels left.
You knew the following spells:

 Your Spells              Type           Power      Damage    Failure   Level
a - Scorch                Fire           100%       2d10      1%          2
b - Frozen Ramparts       Ice            34%        1d5       4%          3
c - Mephitic Cloud        Conj/Pois/Air  37%        N/A       1%          3
d - Conjure Flame         Conj/Fire      62%        6-21      1%          3
e - Foxfire               Conj/Fire      100%       2x1d9     1%          1
f - Iskenderun's Battles  Conj           55%        2d11      1%          5
g - Flame Wave            Conj/Fire      62%        2d12      1%          4
B - Blink                 Tloc           46%        N/A       5%          2
M - Call Imp              Summ           27%        N/A       3%          2
N - Magic Dart            Conj           100%       1d8       1%          1

Your spell library contained the following spells:

 Spells                   Type           Power      Damage    Failure   Level
 Sticky Flame             Conj/Fire      62%        2d8       1%          4
 Fireball                 Conj/Fire      31%        3d13      1%          5
 Summon Small Mammal      Summ           100%       N/A       2%          1
 Apportation              Tloc           46%        N/A       3%          1
 Starburst                Conj/Fire      31%        6d9       3%          6
 Animate Skeleton         Necr           34%        N/A       5%          1
 Pain                     Necr           68%        1d7       5%          1
 Slow                     Hex            68%        N/A       5%          1
 Vampiric Draining        Necr           17%        2d7       17%         3
 Summon Ice Beast         Ice/Summ       22%        N/A       36%         4
 Ignition                 Fire           34%        3d10      50%         8
 Summon Mana Viper        Hex/Summ       22%        N/A       71%         5
 Monstrous Menagerie      Summ           13%        N/A       100%        7
 Necromutation            Tmut/Necr      8%         N/A       100%        8


Dungeon Overview and Level Annotations

Branches:
Dungeon (10/15)            Temple (1/1) D:7            Lair (3/6) D:8
 Spider (0/4) Lair:2          Orc (0/2) D:9           Sewer (visited)
 Bailey (visited)         Volcano (1/1)
  Swamp: Lair:2-4    Shoals: Lair:2-4

Altars:
Ashenzari
Cheibriados
Dithmenos
Gozag
Hepliaklqana
Kikubaaqudgha
Makhleb
Nemelex Xobeh
Qazlal
Ru
Sif Muna
Uskayaw
Vehumet
Zin

Shops:
D:2 *

Annotations:
Lair:2 Gastronok


Message History

A stone giant comes into view.
The stone giant shouts!
Your battlesphere wavers and loses cohesion.
The stone giant moves out of view.
You open the door.
There is an open door here.
Casting: Magic Dart (safe; 1% risk of failure)
Confirm with . or Enter, or press ? or * to list all spells.
Aiming: Mephitic Cloud (safe; 1% risk of failure)
Press: ? - help, Shift-Dir - straight line, f - stone giant
Aim: a stone giant, quivering large rocks (chance to affect: 24%)
The ball explodes into a vile cloud!
The stinking cloud engulfs the stone giant but does no damage.
The stone giant is engulfed in noxious fumes.
The stone giant is engulfed in noxious fumes.
You see here a +0 mace.
Casting: Mephitic Cloud (safe; 1% risk of failure)
Confirm with . or Enter, or press ? or * to list all spells.
You don't know that spell.
The stone giant throws a large rock.
The large rock completely misses you.
Casting: Mephitic Cloud (safe; 1% risk of failure)
Confirm with . or Enter, or press ? or * to list all spells.
Aiming: Mephitic Cloud (safe; 1% risk of failure)
Press: ? - help, Shift-Dir - straight line, f/p - stone giant
Aim: a stone giant, quivering large rocks (chance to affect: 24%)
The ball explodes into a vile cloud!
The stinking cloud engulfs the stone giant but does no damage.
The stone giant is engulfed in noxious fumes.
The stone giant throws a large rock.
The large rock hits you!!
Casting: Mephitic Cloud (safe; 1% risk of failure)
Confirm with . or Enter, or press ? or * to list all spells.
Aiming: Mephitic Cloud (safe; 1% risk of failure)
Press: ? - help, Shift-Dir - straight line, f/p - stone giant
Aim: a stone giant, quivering large rocks (noxious fumes, chance to affect: 24%)
The ball explodes into a vile cloud!
The stinking cloud engulfs the stone giant but does no damage.
The stone giant is engulfed in noxious fumes.
The stone giant throws a large rock.
The large rock hits you!!!
Ouch! That really hurt!
You die...

...# #... #..#
#..# #..## #..#
#.°###..#
#.C☼..# ##§§.##
## ##'## ##..
#.# #...# ##@##
.....# #8.8#
..≈≈..##...#
.≈≈≈≈......##
.§§≈≈§.....##
§≈≈≈≈§§......#
§≈≈≈≈≈§≈≈≈..###
≈≈§§≈≈§§≈≈...#
≈≈≈§≈≈§§§§≈..##


You could see a stone giant.

Vanquished Creatures
  A two-headed ogre (D:7)
  An orc high priest (Bailey)
  2 orc knights (Bailey)
  A cyclops (D:10)
  Joseph (D:10)
  2 black mambas (Lair:2)
  5 cane toads
  A gargoyle (Volcano)
  4 komodo dragons
  A troll (D:5)
  A hornet (D:10)
  8 blink frogs
  Sigmund (D:6)
  3 wyverns
  2 shadows
  6 fire bats (Volcano)
  31 yaks
  A steam dragon (D:6)
  3 basilisks
  2 redbacks (Lair:2)
  4 swamp worms (Lair:2)
  An acid dragon (D:10)
  6 water moccasins
  Duvessa (D:5)
  13 orc warriors
  3 ice beasts
  A black bear (D:8)
  A sky beast (D:5)
  5 necrophages (D:9)
  An ogre (D:3)
  6 centaurs
  2 phantoms (D:9)
  Blork the orc (D:6)
  2 kobold brigands (D:9)
  15 bullfrogs
  3 earth elementals (Volcano)
  2 wyvern skeletons
  Dowan (D:5)
  A water moccasin skeleton (D:7)
  3 killer bees (D:5)
  2 troll zombies (D:9)
  3 wights (D:9)
  6 electric eels (Bailey)
  4 howler monkeys
  6 lava snakes (Volcano)
  A crimson imp (D:7)
  2 bullfrog zombies
  4 centaur zombies
  3 hounds
  2 bullfrog skeletons (D:6)
  2 iguanas (D:5)
  8 orc wizards
  5 ogre zombies (D:9)
  A mummy (D:9)
  A howler monkey zombie (D:5)
  7 adders
  7 gnolls (Bailey)
  3 shadow imps
  A white imp (D:8)
  2 ufetubi
  An adder skeleton (D:4)
  A dart slug (D:1)
  25 orcs
  2 bats
  19 endoplasms
  14 giant cockroaches
  20 goblins
  9 hobgoblins
  2 jackals (D:4)
  19 kobolds
  13 quokkas
  19 ball pythons
  7 frilled lizards
  2 goblin skeletons (D:9)
  2 goblin zombies (D:9)
  2 hobgoblin skeletons (D:9)
  A hobgoblin zombie (D:9)
  4 orc skeletons (D:9)
  14 orc zombies (D:9)
  7 rats
  A spectral kobold (D:4)
403 creatures vanquished.

Vanquished Creatures (collateral kills)
  Prince Ribbit (D:7)
  A bullfrog (Sewer)
  An orc priest (D:7)
  5 adders
  A worm (D:3)
  3 endoplasms
  2 hobgoblins
  A quokka (D:2)
  A frilled lizard (Sewer)
  A rat (D:3)
17 creatures vanquished.

Vanquished Creatures (others)
  52 foxfires
  20 fungi
  22 plants
  2 withered plants (D:9)
96 creatures vanquished.

Grand Total: 516 creatures vanquished

Notes
Turn   | Place    | Note
-------+----------+-------------------------------------------
     0 | D:1      | ryathie the Deep Elf Hedge Wizard began the quest for the
                  | Orb.
     0 | D:1      | Reached XP level 1. HP: 10/10 MP: 7/7
   289 | D:1      | Reached XP level 2. HP: 15/15 MP: 4/9
   333 | D:1      | Found a faded altar of an unknown god.
   333 | D:1      | Noticed a crimson imp
   417 | D:1      | Reached skill level 5 in Spellcasting
   490 | D:1      | Learned a level 2 spell: Call Imp
   493 | D:1      | Learned a level 2 spell: Blink
   843 | D:2      | Reached XP level 3. HP: 19/19 MP: 7/11
  1080 | D:2      | Reached XP level 4. HP: 24/24 MP: 4/13
  1084 | D:2      | Learned a level 3 spell: Conjure Flame
  1088 | D:2      | Learned a level 3 spell: Mephitic Cloud
  1164 | D:2      | Found a broken altar of Ashenzari.
  1164 | D:2      | You fall into a shaft and drop 1 floor!
  1251 | D:2      | Found Gyle's General Store.
  1262 | D:2      | Bought a scroll of teleportation for 42 gold pieces
  1262 | D:2      | Bought a scroll of noise for 14 gold pieces
  1842 | D:3      | Noticed an ogre
  1952 | D:3      | Reached skill level 1 in Poison Magic
  2275 | D:3      | Found a stormy altar of Qazlal.
  2289 | D:3      | Reached skill level 1 in Air Magic
  2321 | D:3      | Killed an ogre
  2322 | D:3      | Reached XP level 5. HP: 28/28 MP: 6/14
  2590 | D:4      | Found a hazy altar of Hepliaklqana.
  2779 | D:4      | Found a glowing drain.
  2867 | Sewer    | Entered a sewer
  2958 | Sewer    | Reached skill level 1 in Evocations
  3174 | Sewer    | Reached XP level 6. HP: 29/32 MP: 10/15
  3486 | Sewer    | Reached skill level 5 in Conjurations
  3874 | D:5      | Entered Level 5 of the Dungeon
  4097 | D:5      | Reached XP level 7. HP: 36/36 MP: 12/17
  4206 | D:5      | Noticed Dowan
  4467 | D:5      | Reached skill level 6 in Spellcasting
  4599 | D:5      | Found a sparkling altar of Nemelex Xobeh.
  4757 | D:5      | Noticed a troll
  4766 | D:5      | Reached skill level 7 in Spellcasting
  4805 | D:5      | Killed a troll
  4806 | D:5      | Reached XP level 8. HP: 41/41 MP: 9/21
  5188 | D:5      | Reached skill level 8 in Spellcasting
  5489 | D:5      | Noticed Duvessa
  5518 | D:5      | Killed Duvessa
  5554 | D:5      | Killed Dowan
  5750 | D:6      | Reached skill level 9 in Spellcasting
  5948 | D:6      | Noticed Sigmund
  5965 | D:6      | Killed Sigmund
  6065 | D:6      | Reached skill level 5 in Dodging
  6065 | D:6      | Reached skill level 10 in Spellcasting
  6065 | D:6      | Reached XP level 9. HP: 34/45 MP: 22/25
  6071 | D:6      | Reached skill level 1 in Fighting
  6426 | D:6      | Noticed Blork the orc
  6449 | D:6      | Killed Blork the orc
  6885 | D:7      | Noticed Prince Ribbit
  6890 | D:7      | Found a staircase to the Ecumenical Temple.
  6896 | D:7      | Killed Prince Ribbit
  6958 | D:7      | Noticed a two-headed ogre
  6964 | D:7      | Killed a two-headed ogre
  6981 | Temple   | Entered the Ecumenical Temple
  7020 | Temple   | Became a worshipper of Vehumet
  7053 | D:7      | Reached skill level 5 in Fighting
  7053 | D:7      | Reached skill level 11 in Spellcasting
  7504 | D:7      | Reached XP level 10. HP: 59/59 MP: 20/27
  7854 | D:7      | Found a burning altar of Makhleb.
  8146 | D:8      | Reached * piety under Vehumet
  8146 | D:8      | Offered knowledge of Foxfire by Vehumet.
  8149 | D:8      | Learned a level 1 spell: Foxfire
  8285 | D:8      | Found a flagged portal.
  8308 | Bailey   | Entered a bailey
  8315 | Bailey   | Reached skill level 12 in Spellcasting
  8898 | Bailey   | Noticed an orc knight
  8898 | Bailey   | Noticed an orc knight
  8920 | Bailey   | Killed an orc knight
  8966 | Bailey   | Killed an orc knight
  9028 | Bailey   | Reached skill level 13 in Spellcasting
  9299 | Bailey   | Identified the +5 chain mail of Polytheism {rElec rCorr
                  | Dex+3}
  9299 | Bailey   | Identified the +6 buckler "Zommatu" {-Cast +Blink Dex+6}
  9631 | Bailey   | Noticed an orc high priest
  9892 | Bailey   | Found an iron altar of Okawaru.
  9894 | Bailey   | Identified the +9 hand axe "Hydra's Funeral" {drain, rPois
                  | rF+}
  9894 | Bailey   | Noticed an orc sorcerer
  9960 | Bailey   | Acquired the Grimoire of the Unstable Arsonist
  9965 | Bailey   | Learned a level 2 spell: Scorch
  9970 | Bailey   | Learned a level 4 spell: Flame Wave
 10063 | Bailey   | Killed an orc high priest
 10068 | Bailey   | Got the Volume of Ignition
 10237 | D:8      | Reached skill level 1 in Fire Magic
 10437 | D:8      | Reached XP level 11. HP: 65/65 MP: 18/30
 10514 | D:8      | Reached ** piety under Vehumet
 10522 | D:8      | Found a staircase to the Lair.
 10600 | D:8      | Offered knowledge of Sandblast by Vehumet.
 10609 | D:8      | Reached skill level 14 in Spellcasting
 11080 | D:9      | Found a staircase to the Orcish Mines.
 11122 | D:9      | Found a glowing silver altar of Zin.
 11125 | D:9      | Found a broken altar of Ashenzari.
 11127 | D:9      | Found a sacrificial altar of Ru.
 11149 | D:9      | Offered knowledge of Poisonous Vapours by Vehumet.
 11484 | D:9      | Reached *** piety under Vehumet
 11714 | D:9      | Offered knowledge of Frozen Ramparts by Vehumet.
 11760 | D:9      | Learned a level 3 spell: Frozen Ramparts
 12207 | D:9      | Reached skill level 5 in Fire Magic
 12238 | D:9      | Reached **** piety under Vehumet
 12259 | D:10     | Entered Level 10 of the Dungeon
 12278 | D:10     | Noticed Joseph
 12419 | D:10     | Killed Joseph
 12755 | D:10     | Offered knowledge of Inner Flame by Vehumet.
 12804 | D:10     | Found a shadowy altar of Dithmenos.
 13200 | D:10     | Reached skill level 1 in Armour
 13354 | Lair:1   | Entered Level 1 of the Lair of Beasts
 14661 | Lair:2   | Reached XP level 12. HP: 72/72 MP: 32/32
 15164 | Lair:2   | Noticed Gastronok
 15333 | Lair:2   | Noticed a six-headed hydra
 15348 | Lair:2   | Reached skill level 10 in Fire Magic
 15700 | Lair:2   | Reached ***** piety under Vehumet
 15705 | Lair:2   | Found a hole to the Spider Nest.
 15734 | Lair:2   | Offered knowledge of Iskenderun's Battlesphere by Vehumet.
 15864 | Lair:3   | Reached skill level 5 in Armour
 16099 | Lair:3   | Found a dark tunnel.
 16104 | Volcano  | Entered a volcano
 16128 | Volcano  | Learned a level 5 spell: Iskenderun's Battlesphere
 16956 | Volcano  | Noticed a stone giant
 16965 | Volcano  | Hit by a large rock thrown by a stone giant

Illustrated notes

Levels and vault maps discovered:
D:1:      minmay_arrival_widening_spiral_wide, layout_rooms,
          dreamdust_ecumenical_altar_sealed_demon
D:2:      layout_basic, serial_shops, nicolae_square_shop, basic_altar,
          nrook_loot_triangle
D:3:      layout_rooms, grunt_qazlal_clouds,
          hangedman_abyss_or_decor_lesser_grid, grunt_ministairs_1
D:4:      layout_loops_cross, nicolae_hepliaklqana_monster_ancestors,
          portal_sewer_entry_d
D:5:      layout_loops_ring, mainiacjoe_overflow_six_doors_small,
          corexii_item_surrounded_by_moat, hex_medium, uniq_duvessa
D:6:      layout_gridville, uniq_blork_the_orc, uniq_sigmund
D:7:      layout_basic, makhleb_grotto_becter, temple_pool_b,
          minmay_manual_monstrance, uniq_prince_ribbit1
D:8:      layout_loops_ring, grunt_lair_entry_orc_guard_hut, enter_bailey_5,
          grunt_ministairs_13
D:9:      layout_roguey, grunt_temple_overflow_open, zombieorc2_lemuel,
          serial_undead, serial_undead_e, serial_undead_a, serial_undead_b,
          serial_undead_e, serial_undead_c, serial_undead_d
D:10:     layout_irregular_city, nicolae_dithmenos_the_darkroom, uniq_joseph
Temple:   dpeg_chambers_temple
Lair:1:   layout_cave_pods, grunt_megastairs_2, infiniplex_staircase_pool
Lair:2:   layout_roguey, nicolae_swamp_entry_splash_gauntlet,
          spider_nest_entry_webs, grunt_megastairs_5, serial_bayou_shore_a,
          lemuel_fruit_tree, infiniplex_staircase_pool_2, uniq_gastronok
Lair:3:   layout_regular_city, nicolae_volcano_entry_s_turn, st_stairs_6
Volcano:  volcano_grotto [vgs_dualism]

Skill      XL: |  1  2  3  4  5  6  7  8  9 10 11 12 |
---------------+-------------------------------------+-----
Conjurations   | 2 3 4 5 7 8 |  8.0
Spellcasting   | 5 7 10 11 13 14 | 14.0
Summonings     | 2 |  2.0
Poison Magic   | 2 |  2.0
Air Magic      | 1 2 |  2.0
Evocations     | 1 3 |  3.0
Dodging        | 5 6 8 9 |  9.0
Fighting       | 5 6 7 |  7.0
Fire Magic     | 1 8 12 | 12.3
Armour         | 3 5 |  5.0
Stealth        | |  2.4
Translocations | |  1.1

Action                   |  1- 3 |  4- 6 |  7- 9 | 10-12 || total
-------------------------+-------+-------+-------+-------++-------
Melee: Dagger            |    13 |   128 |   122 |   253 ||   516
       Punch             |     1 |       |       |     6 ||     7
 Cast: Magic Dart        |    83 |   131 |    75 |    83 ||   372
       Call Imp          |     4 |     9 |    12 |       ||    25
       Conjure Flame     |       |     4 |    14 |    43 ||    61
       Mephitic Cloud    |       |     1 |    19 |    49 ||    69
       Blink             |       |       |     3 |     3 ||     6
       Foxfire           |       |       |       |    29 ||    29
       Scorch            |       |       |       |   200 ||   200
       Flame Wave        |       |       |       |    14 ||    14
       Frozen Ramparts   |       |       |       |    17 ||    17
       Iskenderun's Batt |       |       |       |     9 ||     9
Evoke: Wand              |       |       |     6 |     5 ||    11
  Use: Scroll            |       |     8 |     4 |     7 ||    19
       Potion            |       |       |       |     1 ||     1
 Stab: Sleeping          |       |     5 |       |       ||     5
       Confused          |       |       |     4 |    10 ||    14
       Distracted        |       |       |       |     1 ||     1
Armor: Robe              |     5 |    45 |    26 |    21 ||    97
       Acid dragon scale |       |       |       |    27 ||    27
Dodge: Dodged            |    13 |   137 |    83 |   274 ||   507
